 Dungeon Crawl Stone Soup version 0.19.0-24-gb05acd6 (webtiles) character file.

145 Larett the Cudgeler (level 5, -7/28 HPs)
             Began as a Gargoyle Fighter on Nov 22, 2016.
             Was an Initiate of Hepliaklqana.
             Killed by a distortion unwield (35 damage)
             ... on level 3 of the Dungeon.
             The game lasted 00:07:30 (2972 turns).

Larett the Cudgeler (Gargoyle Fighter)              Turns: 2972, Time: 00:07:31

Health: -7/28      AC: 13    Str: 20    XL:     5   Next: 27%
Magic:  5/5        EV:  7    Int:  8    God:    Hepliaklqana [......]
Gold:   127        SH:  9    Dex: 10    Spells: 0 memorised, 4 levels left

rFire  x . .     SeeInvis .     (no weapon)
rCold  + . .     Gourm    +     q - +0 scale mail
rNeg   + . .     Faith    .     c - +0 shield
rPois  ∞         Spirit   .     (no helmet)
rElec  +         Reflect  .     j - +0 cloak
rCorr  .         Harm     .     i - +0 pair of gloves
MR     .....                    (no boots)
Stlth  ..........               l - amulet of the gourmand
                                (no ring)
                                g - ring of ice

@: no status effects
A: reduced essence, negative energy resistance 1, electricity resistance,
unbreathing, petrification resistance, rot immunity, AC +4
a: Recall Ancestor, Ancestor Identity, Renounce Religion


You were on level 3 of the Dungeon.
You worshipped Hepliaklqana.
Hepliaklqana was noncommittal.
You were completely stuffed.

You visited 1 branch of the dungeon, and saw 3 of its levels.

You collected 127 gold pieces.

Inventory:

Hand Weapons
 a - a +0 flail
 b - a +0 hunting sling
 z - a +0 trident of distortion {!w}
 B - a +0 dagger
Missiles
 e - 183 stones (quivered)
 m - 4 tomahawks
 n - 33 poisoned needles
 p - 39 bolts
 y - 9 arrows
Armour
 c - a +0 shield (worn)
 i - a +0 pair of gloves (worn)
 j - a +0 cloak (worn)
 q - a +0 scale mail (worn)
Jewellery
 g - a ring of ice (left hand)
 l - an amulet of the gourmand (around neck)
 E - an uncursed ring of protection from magic {unknown}
Scrolls
 k - a scroll of magic mapping {unknown}
 o - a scroll of amnesia {unknown}
 r - a scroll of enchant weapon {unknown}
 s - a scroll of fear {unknown}
 v - a scroll of immolation {unknown}
 C - a scroll of teleportation {unknown}
 D - a scroll of remove curse
Potions
 d - 2 potions of might
 h - 2 potions of lignification
 t - a potion of invisibility {unknown}
 u - a potion of resistance {unknown}
 w - a potion of curing {unknown}
 x - a potion of berserk rage {unknown}
Comestibles
 f - 2 bread rations
 A - 3 fruits


   Skills:
 - Level 3.2 Fighting
 - Level 5.2 Maces & Flails
 - Level 3.2 Armour
 + Level 3.5 Shields


You had 4 spell levels left.
You didn't know any spells.

Dungeon Overview and Level Annotations

Branches:
Dungeon (3/15)

Altars:
Ashenzari
Hepliaklqana


Innate Abilities, Weirdness & Mutations

You are resistant to torment.
Your stone body is resilient. (AC +4)
You are immune to poison.
You resist negative energy. (rN+)
You are resistant to electric shocks. (rElec)
You can survive without breathing.
You are immune to petrification.
You are immune to rotting.
Your life essence is reduced. (-10% HP)


Message History

[Y]es or [N]o only, please.
Really attack while wielding your +0 hunting sling? [Y]es or [N]o only, please.
Really attack while wielding your +0 hunting sling?
Okay, then.
a - a +0 flail (weapon)
You barely miss the hobgoblin. The hobgoblin closely misses you.
You sock the hobgoblin!
You kill the hobgoblin!
There is an open door here.
You see here a runed trident.
z - a runed trident
Okay, then.
Wield which item (- for none, * to show all)? (? for menu, Esc to quit)
Space warps around you for a moment!
z - a +0 trident of distortion (weapon)
Really unwield
z - a +0 trident of distortion {!w}?
You are crushed and pinned by an extremely strong localised spatial distortion!
Ouch! That really hurt!
You die...

######### ##############
#.......# #............#
###.####.## #.####..####.#
#.._..##..###.####..# #.#
####.#.#...........##..####.#
#..............#.#........#.#
#.#.....#.#...##R####.......#
#...#........###9####...###.#
##.#########.# #........# #.#
#.# #.# ######...###.# #.#
##'## ###.....# ##.###
##...## ##.####
..<..#####.....## ###.#
<.......#.......## ##.#.#
#.#..##..........####....#
.###.............'.......#


You could see the friendly Kheti the ancestor.

Vanquished Creatures
  3 adders
  4 oozes
  A worm (D:2)
  2 orcs (D:3)
  5 bats
  2 giant cockroaches (D:1)
  5 goblins
  6 hobgoblins
  10 jackals
  6 kobolds
  2 quokkas
  3 frilled lizards
  11 rats
60 creatures vanquished.

Vanquished Creatures (collateral kills)
  An orc wizard (D:3)
  2 orcs (D:3)
  A jackal (D:3)
4 creatures vanquished.

Grand Total: 64 creatures vanquished

Notes
Turn   | Place    | Note
-------+----------+-------------------------------------------
     0 | D:1      | Larett the Gargoyle Fighter began the quest for the Orb.
     0 | D:1      | Reached XP level 1. HP: 14/14 MP: 1/1
   174 | D:1      | Reached XP level 2. HP: 19/19 MP: 2/2
   464 | D:1      | Reached skill level 3 in Maces & Flails
   896 | D:2      | Reached XP level 3. HP: 12/23 MP: 3/3
  1463 | D:2      | Reached skill level 4 in Maces & Flails
  1705 | D:2      | Reached XP level 4. HP: 25/28 MP: 4/4
  2183 | D:3      | Found a hazy altar of Hepliaklqana.
  2213 | D:3      | Became a worshipper of Hepliaklqana the Forgotten
  2430 | D:3      | Reached skill level 5 in Maces & Flails
  2430 | D:3      | Reached XP level 5. HP: 28/28 MP: 5/5
  2630 | D:3      | Found a shattered altar of Ashenzari.
  2972 | D:3      | Killed by a distortion unwield

Skill      XL: |  1  2  3  4 |
---------------+-------------+-----
Maces & Flails | 3 4 5 |  5.2
Fighting       | |  3.2
Armour         | |  3.2
Shields        | |  3.5

Action                   |  1- 3 |  4- 6 || total
-------------------------+-------+-------++-------
Melee: Flail             |   148 |    36 ||   184
 Fire: Hunting sling     |    11 |    31 ||    42
  Use: Scroll            |     2 |     1 ||     3
  Eat: Chunk             |    15 |     4 ||    19
Armor: Scale mail        |   100 |    20 ||   120
Dodge: Dodged            |    75 |     7 ||    82
Block: Shield            |    98 |    24 ||   122
